 Dungeon Crawl Stone Soup version 0.26.1-11-gd32895ea62 (webtiles) character file.

Game seed: 12973762140226868236

672 Zeld the Digger (level 7, -3/36 HPs)
             Began as a Gargoyle Earth Elementalist on Sept 4, 2021.
             Was an Initiate of Gozag.
             Killed by nerve-wracking pain
             ... invoked by an orc priest
              (7 damage)
             ... on level 5 of the Dungeon.
             The game lasted 00:06:07 (6943 turns).

Zeld the Digger (Gargoyle Earth Elementalist)       Turns: 6943, Time: 00:06:08

Health: -3/36      AC:  8    Str: 12    XL:     7   Next: 58%
Magic:  7/13       EV: 12    Int: 17    God:    Gozag
Gold:   305        SH:  0    Dex: 10    Spells: 4/14 levels left

rFire    . . .     SeeInvis .   a - +3 dagger
rCold    . . .     Faith    .   (no shield)
rNeg     + . .     Spirit   .   c - +0 robe
rPois    ∞         Reflect  .   f - +0 helmet
rElec    +         Harm     .   (no cloak)
rCorr    .         Rampage  .   (no gloves)
Will     .....                  (no boots)
Stlth    ++........             (no amulet)
HPRegen  0.12/turn              (no ring)
MPRegen  0.13/turn              (no ring)

@: no status effects
A: negative energy resistance 1, electricity resistance, unbreathing,
petrification resistance, miasma immunity, AC +4
a: Renounce Religion, Potion Petition, Call Merchant, Bribe Branch


You were on level 5 of the Dungeon.
You worshipped Gozag.
Gozag was aware of your devotion.
You visited 2 branches of the dungeon, and saw 6 of its levels.

You collected 367 gold pieces.
You paid 62 gold pieces to Gozag.

Inventory:

Hand Weapons
 a - a +3 dagger (weapon)
Missiles
 b - 89 stones (quivered)
Armour
 c - a +0 robe (worn)
 f - a +0 helmet (worn)
Jewellery
 o - an uncursed ring of flight {unknown}
 v - a cursed ring of attention {unknown}
Wands
 y - a wand of random effects (15)
Scrolls
 d - 4 scrolls of identify {unknown}
 h - a scroll of enchant armour {unknown}
 i - 2 scrolls of amnesia {unknown}
 l - 2 scrolls of magic mapping {unknown}
 m - 5 scrolls of remove curse {unknown}
 p - a scroll of immolation {unknown}
 r - 3 scrolls of enchant weapon {unknown}
 w - a scroll of teleportation {unknown}
 x - a scroll of fog {unknown}
Potions
 e - a potion of mutation {unknown}
 g - 2 potions of haste {unknown}
 j - a potion of lignification {unknown}
 k - 2 potions of magic {unknown}
 n - 2 potions of curing {unknown}
 q - a potion of flight {unknown}
 s - a potion of might {unknown}
 t - a potion of heal wounds {unknown}
 u - a potion of degeneration {unknown}


   Skills:
 + Level 2.9 Armour
 + Level 2.7 Dodging
 + Level 3.9 Stealth
 * Level 4.2 Spellcasting
 + Level 2.4 Conjurations
 - Level 1.0 Transmutations
 * Level 6.0 Earth Magic


You had 4 spell levels left.
You knew the following spells:

 Your Spells              Type           Power        Failure   Level
a - Sandblast             Erth           48%          1%          1
b - Passwall              Tmut/Erth      12%          5%          2
c - Stone Arrow           Conj/Erth      34%          9%          3
d - Petrify               Tmut/Erth      15%          36%         4

Your spell library contained the following spells:

 Spells                   Type           Power        Failure   Level
 Corona                   Hex            3%           16%         1
 Slow                     Hex            3%           24%         2
 Leda's Liquefaction      Hex/Erth       6%           41%         4
 Inner Flame              Hex/Fire       3%           43%         3
 Portal Projectile        Hex/Tloc       6%           43%         3
 Cause Fear               Hex            1%           83%         4
 Lee's Rapid Deconstruct  Erth           12%          34%         5


Dungeon Overview and Level Annotations

Branches:
Dungeon (5/15)             Temple (1/1) D:4

Altars:
Ashenzari
Cheibriados
Dithmenos
Fedhas
Gozag
Hepliaklqana
Kikubaaqudgha
Makhleb
Okawaru
Qazlal
Ru
Sif Muna
Trog
Vehumet
Wu Jian
Xom
Yredelemnul
Zin
The Shining One


Innate Abilities, Weirdness & Mutations

You are resistant to torment.
Your stone body is resilient. (AC +4)
You are immune to poison.
You resist negative energy. (rN+)
You are resistant to electric shocks. (rElec)
You can survive without breathing.
You are immune to petrification.
You are immune to miasma.


Message History

The blast of sand hits the orc priest but does no damage.
The orc priest is moderately wounded.
b - 90 stones The orc priest mumbles some strange prayers to Beogh against you.
Beogh smites you!
* * * LOW HITPOINT WARNING * * *
Unknown command.
Unknown command.
Casting: Sandblast (safe; 1% risk of failure)
Confirm with . or Enter, or press ? or * to list all spells.
Aiming: Sandblast (safe; 1% risk of failure)
Press: ? - help, Shift-Dir - straight line, f/p - orc priest
Aim: an orc priest, wielding a +0 flail and wearing a cursed +0 chain mail (moderately wounded, 14% to evade)
The blast of sand hits the orc priest.
The orc priest is moderately wounded.
b - 89 stones The orc priest invokes the aid of Beogh against you.
Pain shoots through your body!
You die...
Your body crumbles into a pile of gold.

#.# #.#####
#.....#
###########.#
#...........#
#.###########
#.#......
#....# #.@.o#
#.##o# #.# .#
#.# o# #.# o#
#.# .. #.# .#
#.# ## #.#


You could see an orc priest and an orc.

Vanquished Creatures
  An ogre (D:4)
  A centaur (D:4)
  3 hounds (D:5)
  A centaur skeleton (D:4)
  A bullfrog skeleton (D:4)
  2 iguanas
  Jessica (D:3)
  Terence (D:3)
  2 worker ants (D:5)
  A hound skeleton (D:4)
  A howler monkey skeleton (D:5)
  4 gnolls (D:4)
  2 adders
  An ooze (D:5)
  A worm (D:4)
  3 dart slugs
  4 leopard geckos
  11 orcs
  3 ball pythons
  5 giant cockroaches
  10 goblins
  8 hobgoblins
  5 jackals
  7 kobolds
  4 quokkas
  8 bats
  6 frilled lizards
  A jackal zombie (D:5)
  2 leopard gecko skeletons (D:4)
  12 rats
112 creatures vanquished.

Notes
Turn   | Place    | Note
-------+----------+-------------------------------------------
     0 | D:1      | Zeld the Gargoyle Earth Elementalist began the quest for
                  | the Orb.
     0 | D:1      | Reached XP level 1. HP: 10/10 MP: 3/3
    64 | D:1      | Reached XP level 2. HP: 13/15 MP: 0/5
   118 | D:1      | Learned a level 2 spell: Passwall
   146 | D:1      | Reached skill level 1 in Transmutations
   388 | D:1      | Reached skill level 4 in Earth Magic
   818 | D:1      | Reached XP level 3. HP: 19/19 MP: 6/6
   822 | D:1      | Learned a level 3 spell: Stone Arrow
   976 | D:1      | You fall into a shaft and drop 1 floor!
  1122 | D:2      | You fall into a shaft and drop 2 floors!
  1700 | D:1      | Reached skill level 1 in Armour
  2236 | D:2      | Reached XP level 4. HP: 24/24 MP: 8/8
  2538 | D:2      | Found a blossoming altar of Fedhas.
  2898 | D:2      | Found a shimmering blue altar of Sif Muna.
  3371 | D:3      | Noticed Jessica
  3380 | D:3      | Killed Jessica
  3460 | D:3      | Found a snail-covered altar of Cheibriados.
  3467 | D:3      | Reached XP level 5. HP: 28/28 MP: 7/9
  3530 | D:3      | Noticed Terence
  3559 | D:3      | Killed Terence
  3560 | D:3      | Reached skill level 1 in Conjurations
  4339 | D:4      | Noticed a centaur
  4454 | D:4      | Killed a centaur
  4455 | D:4      | Reached skill level 5 in Earth Magic
  4455 | D:4      | Reached XP level 6. HP: 25/32 MP: 5/11
  4460 | D:4      | Learned a level 4 spell: Petrify
  5045 | D:4      | Reached XP level 7. HP: 12/36 MP: 1/12
  5353 | D:4      | Found a staircase to the Ecumenical Temple.
  5363 | Temple   | Entered the Ecumenical Temple
  5392 | Temple   | Became a worshipper of Gozag Ym Sagoz the Greedy
  5648 | D:5      | Entered Level 5 of the Dungeon
  5867 | D:5      | Found a shadowy altar of Dithmenos.
  6520 | D:5      | Reached skill level 6 in Earth Magic
  6943 | D:5      | Killed from afar by an orc priest

Illustrated notes

Levels and vault maps discovered:
D:1:      amcnicky_arrival_underground_garden, layout_basic,
          hangedman_decor_push, minmay_misc_feat_plants
D:2:      layout_basic, lemuel_doored_altar, marbit_many_paths
D:3:      layout_rooms, lemuel_crystal_altar, kennysheep_generic_room_9,
          uniq_jessica, uniq_terence
D:4:      layout_cave_pods, minmay_temple_entry_drinking_statues
D:5:      layout_basic, basic_altar, serial_bayou_pond_e
Temple:   eino_temple_scatter_basement

Skill      XL: |  1  2  3  4  5  6  7 |
---------------+----------------------+-----
Transmutations | 1 |  1.0
Earth Magic    | 4 5 6 |  6.0
Armour         | 1 2 |  2.9
Dodging        | 2 |  2.7
Stealth        | 3 |  3.9
Spellcasting   | 3 4 |  4.2
Conjurations   | 1 2 |  2.4

Action                   |  1- 3 |  4- 6 |  7- 9 || total
-------------------------+-------+-------+-------++-------
Melee: Unarmed           |     9 |       |       ||     9
       Dagger            |    98 |   112 |   155 ||   365
       Spear             |    15 |       |       ||    15
 Cast: Sandblast         |     6 |    76 |    11 ||    93
 Stab: Sleeping          |     1 |     3 |       ||     4
       Distracted        |       |       |     1 ||     1
Armor: Robe              |    45 |    87 |    66 ||   198
Dodge: Dodged            |    89 |   113 |   102 ||   304
